 Dungeon Crawl Stone Soup version 0.8.0-a0-4793-gb8f1902 character file.

1200593 casmith789 the Ogre Mage (level 27, 224/224 (225) HPs)
             Began as an Ogre Venom Mage on Jan 25, 2011.
             Was the Champion of Sif Muna.
             Escaped with the Orb
             ... and 3 runes (of 3 types) on Jan 26, 2011!
             The game lasted 09:02:03 (176727 turns).

casmith789 the Ogre Mage (Ogre Venom Mage)        Turns: 176727, Time: 09:02:03

HP 224/224 (225) AC 21     Str 21 Exp: 27/1421643 (3)
MP  11/47        EV 18     Int 26      God: Sif Muna [******]
Gold 1388        SH 32     Dex 10      Spells: 18 memorised,  5 levels left

Res.Fire  : + . .   See Invis. : .   o - +5,+7 demon whip (elec)
Res.Cold  : . . .   Warding    : .   g - +6 swamp dragon armour
Life Prot.: + . .   Conserve   : .   h - -4 orc large shield {AC+3}
Res.Acid. : . . .   Res.Corr.  : .   y - +0 wizard hat {Int+3}
Res.Poison: +       Clarity    : +   V - -2 cloak {rPois}
Res.Elec. : +       Spirit.Shd : .   (gloves unavailable)
Sust.Abil.: . .     Stasis     : .   (boots unavailable)
Res.Mut.  : .       Ctrl.Telep.: +   D - amulet of the Four Winds {Clar rN+ MR}
Res.Rott. : .       Levitation : +   x - ring of protection from fire
Saprovore : + . .   Ctrl.Flight: +   S - ring of wizardry

@: deflect missiles, stone skin, phasing, flying, very slightly glowing, hasted,
very quick, incredibly resistant to hostile enchantments, unstealthy
A: unfitting armour, berserk 1, deterioration 1, fast metabolism 2, saprovore 1,
tough skin 1
a: Channel Energy, Forget Spell, Renounce Religion


You escaped.
You worshipped Sif Muna.
Sif Muna was exalted by your worship.
You were not hungry.

You visited 10 branches of the dungeon, and saw 73 of its levels.
You visited the Abyss 3 times.
You visited 1 bazaar.
You visited 1 portal chamber: trove.

You collected 10194 gold pieces.
You spent 8826 gold pieces at shops.

Inventory:

Hand weapons
 b - a +0,+0 dagger
 c - a +2,+2 dwarven morningstar of distortion {!w}
 e - a -1,+2 orcish glaive of distortion {!w}
 o - a +5,+7 demon whip of electrocution (weapon)
 Y - the +2,+6 quarterstaff of Duugg {!a, crush, MUT+ rF++ rC+ rN+ Stlth--}
   (You found it on level 2 of the Lair of Beasts)

   It inflicts extra damage upon your enemies.
   It greatly protects you from fire.
   It protects you from cold.
   It protects you from negative energy.
   It makes you much less stealthy.
   It glows with mutagenic radiation.
Missiles
 d - 3 +0 javelins of penetration (quivered)
Armour
 g - a +6 swamp dragon armour (worn)
 h - a -4 orcish large shield of protection (worn)
 y - a +0 wizard hat of intelligence (worn)
 V - a -2 cloak of poison resistance (worn)
Magical devices
 f - a wand of digging (7)
 i - a wand of teleportation (4)
 l - a wand of hasting (7)
 m - a wand of digging (4)
 p - a wand of disintegration (7)
 s - a wand of healing (8)
 w - a wand of teleportation (8)
Comestibles
 a - 14 honeycombs
 r - 18 sultanas
 T - 2 royal jellies
Scrolls
 H - 4 scrolls of blinking
 L - 8 scrolls of identify
 M - 5 scrolls of magic mapping
 O - 3 scrolls of recharging
 P - 2 scrolls of remove curse
 W - 2 scrolls of teleportation
Jewellery
 k - an uncursed ring of see invisible
 n - a cursed amulet of resist corrosion
 x - a ring of protection from fire (right hand)
 C - an uncursed ring of protection from fire
 D - the amulet of the Four Winds (around neck) {Clar rN+ MR}
   (You found it on level 5 of the Lair of Beasts)

   [amulet of clarity]

   It protects you from negative energy.
   It increases your resistance to enchantments.
 E - an uncursed ring of magical power
 I - an uncursed ring of protection from magic
 J - an uncursed ring of protection from fire
 N - an uncursed ring of teleport control
 R - an uncursed amulet of resist mutation
 S - a ring of wizardry (left hand)
Potions
 j - 2 potions of cure mutation
 u - a potion of might
 z - a potion of speed
 Q - 5 potions of heal wounds
 U - 8 potions of healing
 X - 5 potions of magic
Books
 q - a book of the Tempests

   Spells                             Type                      Level
   Static Discharge                   Conjuration/Air              4
   Lightning Bolt                     Conjuration/Air              5
   Fireball                           Conjuration/Fire             6
   Tornado                            Conjuration/Air              9
   Shatter                            Transmutation/Earth          9
 t - a book of Air

   Spells                             Type                      Level
   Shock                              Conjuration/Air              1
   *Swiftness                         Charms/Air                   2
   *Repel Missiles                    Charms/Air                   2
   Levitation                         Charms/Air                   2
   Mephitic Cloud                     Conjuration/Poison/Air       3
   Static Discharge                   Conjuration/Air              4
 F - Sif Muna's Tome of Creative Stolen Souls {god gift}
   (Sif Muna gifted it to you on level 4 of the Realm of Zot)

   Spells                             Type                      Level
   Animate Skeleton                   Necromancy                   1
   Fulsome Distillation               Transmutation/Necromancy     1
   Dispel Undead                      Necromancy                   4
   Haunt                              Necromancy/Summoning         7
   Summon Hydra                       Summoning                    7
 K - Acucahih's Guide on Sinister Arts {god gift}
   (Sif Muna gifted it to you on level 4 of the Realm of Zot)

   Spells                             Type                      Level
   Sublimation of Blood               Necromancy                   2
   Control Undead                     Hexes/Necromancy             5
   Bolt of Draining                   Conjuration/Necromancy       6
   Borgnjor's Revivification          Necromancy                   7
Orbs of Power
 A - the Orb of Zot
Miscellaneous
 v - an abyssal rune of Zot
 B - a barnacled rune of Zot
 G - a decaying rune of Zot You had 3 experience left.


   Skills:
 + Level 14 Fighting
 - Level 7 Short Blades
 - Level 13 Maces & Flails
 + Level 9 Armour
 - Level 7 Dodging
 - Level 4 Stealth
 - Level 1 Stabbing
 - Level 15 Shields
 - Level 3 Traps & Doors
 + Level 23 Spellcasting
 - Level 15 Conjurations
 + Level 13 Charms
 + Level 2 Necromancy
 + Level 8 Translocations
 - Level 4 Ice Magic
 + Level 10 Air Magic
 - Level 13 Poison Magic
 - Level 5 Invocations
 - Level 1 Evocations


You had 5 spell levels left.
You knew the following spells:

 Your Spells              Type           Power        Success   Level  Hunger
b - Poison Arrow          Pois/Conj      ########..   Excellent   6    None
c - Iskenderun's Mystic   Conj           ########.    Excellent   4    None
e - Poisonous Cloud       Pois/Air/Conj  #######...   Excellent   5    None
f - Freezing Cloud        Ice/Air/Conj   #######...   Excellent   6    None
k - Alistair's Intoxicat  Pois/Trmt      N/A          Excellent   4    None
n - Blink                 Tloc           N/A          Excellent   2    None
A - Stoneskin             Erth/Trmt      ######....   Excellent   2    None
C - Control Teleport      Chrm/Tloc      #######...   Excellent   4    None
D - Repel Missiles        Air/Chrm       #######...   Excellent   2    None
F - Flight                Air/Chrm       #######...   Excellent   4    None
H - Haste                 Chrm           ########.    Excellent   6    None
I - Insulation            Air/Chrm       #######...   Excellent   4    None
M - Deflect Missiles      Air/Chrm       #######...   Excellent   6    None
P - Apportation           Tloc           #######...   Excellent   1    None
Q - Summon Butterflies    Summ           ######....   Excellent   1    None
R - Regeneration          Chrm/Necr      #######...   Excellent   3    None
S - Swiftness             Air/Chrm       #######...   Excellent   2    None
V - Phase Shift           Tloc           #######...   Excellent   5    None

Dungeon Overview and Level Annotations

Branches:
Dungeon (27/27)            Temple (0/1) D:5             Orc (4/4) D:6
    Elf (5/5) Orc:4          Lair (8/8) D:10          Swamp (5/5) Lair:2
 Shoals (5/5) Lair:6        Slime (0/6) Lair:7         Hive (2/2) D:13
  Vault (7/8) D:19          Blade (0/1) Vault:4       Crypt (5/5) Vault:2
   Tomb (0/3) Crypt:2         Zot (5/5) D:27

Altars:
Kikubaaqudgha
Makhleb
Okawaru
Sif Muna
The Shining One
Vehumet
Xom
Lugonu

Shops:
D:10: ? D:11: + D:13: * D:15: [ D:19: * D:24: % D:27: / Orc:2: * Elf:1: =%* Elf:3: % Shoals:2: + Shoals:3: (?%+ Vault:1: !

Portals:
Hell: D:21 D:22 D:23 D:24 D:25 D:26 D:27
Abyss: D:21 D:23 D:25 D:27 Elf:5
Pan: D:22 D:23 D:24 D:26

Annotations
D:20 exclusions: door and silver statue
D:24 exclusion: downstairs
Orc:2 exclusion: silver statue
Elf:4 exclusion: Roxanne
Shoals:5 exclusion: oklob plant
Vault:1 MENNAS!!!
Crypt:3 exclusion: curse skull


Innate Abilities, Weirdness & Mutations

You are too large for most types of armour.
You have a very fast metabolism.
You can tolerate rotten meat.
You have tough skin (AC +1).
You tend to lose your temper in combat.
Your body is slowly deteriorating.


Message History

Casting: Insulation
Confirm with . or Enter, or press ? or * to list all spells.
Okay, then.
Casting: Insulation
Confirm with . or Enter, or press ? or * to list all spells.
Are you sure you want to leave the Dungeon?
You have escaped!

#.# #.# #.# #.#
#.#######.############
#....................#
###.###############..# ####
##.### #.# ###.#.# #...
##..####b####..##.# #... ###
###..bbbb'b.####.# #... ..#
####bOb#### #.####... ..#
###..bbbbb..####........ ..#
##..####'####..##.####... .)#
##.### #b# ###.#.####... ..#
#.## ### ##.........
..#####.#####################...
..(........<....................
#############################.#.
#.#.


There were no monsters in sight!

Vanquished Creatures
  An orb of fire (Zot:5)
  Saint Roka (Shoals:5)
  2 ancient liches
  Boris (Vault:2)
  2 curse toes (Zot:2)
  2 greater mummies (Crypt:3)
  3 Killer Klowns
  Mara (D:19)
  Margery (D:21)
  Xtahua (Shoals:4)
  Frederick (Vault:1)
  The ghost of Sebi the Sorcerer, a great DEWn of Sif Muna (Elf:5)
  6 golden dragons
  3 liches
  2 deep elf blademasters (Elf:5)
  15 Orb Guardians (Zot:5)
  2 shadow dragons
  3 sphinxes
  11 storm dragons
  Rupert (Lair:4)
  Frances (Shoals:4)
  A Daeva (Vault:5)
  3 draconian monks
  Aizul (D:16)
  5 draconian knights
  3 frost giants
  14 bone dragons
  Donald (Elf:4)
  Ilsuiw (Shoals:5)
  Wiglaf (D:26)
  3 draconian annihilators (Zot:1)
  13 tentacled monstrosities
  10 draconian zealots
  Gastronok (D:11)
  4 draconian scorchers
  5 draconian shifters
  A stone giant (shapeshifter) (Vault:4)
  36 stone giants
  A quicksilver dragon skeleton (Vault:2)
  5 fire giants
  3 draconian callers
  9 green draconians
  5 grey draconians
  6 deep elf annihilators (Elf:5)
  6 deep elf death magi (Elf:5)
  The ghost of Turgor the Destroyer, a powerful DGCj (D:15)
  11 white draconians
  A deep elf sorcerer (Elf:5)
  5 mottled draconians
  4 purple draconians
  8 yellow draconians
  Azrael (D:16)
  5 pale draconians
  7 black draconians
  37 yaktaur captains
  4 red draconians
  4 deep elf master archers (Elf:5)
  A Blue Death (Zot:4)
  A titan zombie (Crypt:5)
  Snorg (D:16)
  4 ettins
  A great orb of eyes (shapeshifter) (Vault:2)
  12 dragons
  A salamander (Swamp:5)
  A titan skeleton (Crypt:1)
  2 sirens
  3 great orbs of eyes
  2 vampire knights (Crypt:5)
  Josephine (Swamp:4)
  10 death cobs
  Erica (Orc:4)
  11 ogre magi
  2 merfolk aquamancers (Shoals:5)
  12 ice dragons
  9 merfolk javelineers
  17 hydras
  Polyphemus (Shoals:4)
  An alligator snapping turtle (Shoals:5)
  Nessos (D:12)
  2 deep elf demonologists (Elf:5)
  2 merfolk impalers
  5 deep trolls (Vault:5)
  A rakshasa (D:17)
  A stone giant zombie (Vault:1)
  A deep troll (shapeshifter) (D:27)
  2 orc high priests
  A hell hog (Abyss)
  4 iron dragon skeletons
  4 deep elf high priests (Elf:5)
  15 death yaks
  A fire giant zombie (D:23)
  2 very ugly things (Vault:4)
  3 sphinx skeletons
  A ghost moth (shapeshifter) (Vault:7)
  4 frost giant skeletons
  4 ghost moths
  4 iron golems
  8 hell knights
  5 fire giant skeletons
  27 centaur warriors
  Erolcha (D:13)
  7 griffons
  13 stone giant skeletons
  A storm dragon zombie (D:17)
  4 dancing weapons
  85 skeletal warriors
  2 shadow wraiths
  An alligator snapping turtle zombie (Crypt:4)
  A dire elephant skeleton (Crypt:3)
  41 deep elf knights
  4 wizards (D:20)
  7 sea snakes
  11 iron trolls
  A swamp dragon (Swamp:1)
  14 necromancers
  A draconian (shapeshifter) (D:21)
  A storm dragon skeleton (Vault:2)
  28 orc knights
  A grey draconian skeleton (Crypt:3)
  8 flayed ghosts
  An ice statue (D:22)
  2 death yak zombies
  An alligator snapping turtle skeleton (Crypt:5)
  2 iron troll zombies
  6 orc sorcerers
  2 black draconian skeletons
  2 hydra zombies (Crypt:1)
  A green draconian skeleton (Crypt:4)
  17 hill giants
  2 pale draconian skeletons (Crypt:2)
  3 crystal golems (Crypt:5)
  A minotaur zombie (Crypt:2)
  2 harpy zombies
  2 hellions
  A white draconian skeleton (Crypt:3)
  Pikel (D:9)
  Urug (D:12)
  6 giant amoebae
  2 flaming corpses
  An unseen horror (Vault:1)
  3 spiny worms
  2 vampire magi
  An iron troll skeleton (D:23)
  9 cyclopes
  A statue (Elf:5)
  An alligator zombie (Swamp:4)
  21 harpies
  A red wasp (D:23)
  3 fire crabs
  A death drake skeleton (Crypt:2)
  6 red wasp zombies
  6 phantasmal warriors
  An oklob plant (Shoals:5)
  3 harpy skeletons
  3 griffon zombies
  A dragon zombie (Crypt:1)
  An ice dragon zombie (Crypt:5)
  3 minotaur skeletons
  2 hydra skeletons
  A stone giant simulacrum (D:20)
  3 sixfirhies (Abyss)
  2 ettin zombies
  3 black mambas
  2 eyes of devastation
  A fountain mimic (D:15)
  33 moths of wrath
  A black mamba (shapeshifter) (D:19)
  2 reapers (Crypt:3)
  4 mimics
  2 portal mimics
  An ettin skeleton (Vault:2)
  49 yaktaurs
  3 shop mimics
  An alligator skeleton (Crypt:3)
  2 elephant slugs (Lair:5)
  A wolf spider (D:17)
  2 slime creatures (shapeshifter)
  A trap mimic (D:12)
  A draconian skeleton (Vault:2)
  69 slime creatures
  A spiny worm zombie (Crypt:1)
  5 orange demons
  29 elephants
  A hill giant zombie (Abyss)
  8 guardian mummies
  A dragon skeleton (Crypt:3)
  A queen ant zombie (Crypt:5)
  2 tormentors
  3 ice dragon skeletons
  2 giant toad skeletons
  5 large large abominations (Abyss)
  A hellwing (D:6)
  A hill giant skeleton (D:21)
  A silent spectre (Crypt:4)
  2 redbacks
  6 smoke demons
  An iron devil (Abyss)
  8 mermaids
  10 spriggans (Lair:8)
  149 ugly things
  15 rock trolls
  8 komodo dragons
  Sonja (D:14)
  2 spriggans (shapeshifter)
  17 trolls
  A spriggan skeleton (Crypt:3)
  A raven zombie (Crypt:1)
  24 two-headed ogres
  An efreet (D:21)
  A rock troll zombie (D:17)
  4 human zombies
  An agate snail zombie (D:19)
  23 giant toads
  6 bog mummies
  2 deep troll skeletons
  16 blink frogs
  A baby alligator (shapeshifter) (D:19)
  7 spiny frogs
  A queen ant (Lair:2)
  2 queen bees
  A baby alligator zombie (Crypt:3)
  4 rock troll skeletons
  A snapping turtle zombie (Crypt:4)
  A giant firefly (shapeshifter) (Vault:4)
  Maurice (D:9)
  15 snapping turtles
  A snapping turtle skeleton (Crypt:4)
  6 grizzly bears (Lair:8)
  A brown ooze (shapeshifter) (D:15)
  7 redback zombies
  4 bumblebees (D:24)
  51 yaks
  4 bears (Lair:8)
  A giant firefly (Lair:8)
  10 wraiths
  A blink frog zombie (D:23)
  4 ynoxinuls (Abyss)
  2 fire elementals
  5 vampires
  3 wyverns
  A chaos spawn (Abyss)
  A giant blowfly zombie (D:15)
  13 deep elf conjurers
  Eustachio (D:6)
  A merfolk skeleton (Crypt:1)
  4 steam dragons
  2 blink frog skeletons
  8 neqoxecs
  A yak (shapeshifter) (D:19)
  37 merfolk
  A viper skeleton (Crypt:3)
  21 deep elf summoners
  3 elephant skeletons
  2 merfolk (shapeshifter)
  A fire crab zombie (Crypt:2)
  A hog zombie (Crypt:5)
  A yaktaur zombie (Vault:1)
  2 hungry ghosts
  11 fire drakes
  8 ghouls
  11 hippogriffs
  A viper (shapeshifter) (Vault:2)
  7 mottled dragons
  A rock worm (D:23)
  A giant slug zombie (D:22)
  36 deep elf fighters
  24 necrophages
  5 war dogs (Lair:8)
  A jumping spider zombie (Crypt:1)
  3 hell hounds (D:16)
  A soldier ant (shapeshifter) (D:19)
  2 yaktaur skeletons (Crypt:4)
  A cyclops zombie (D:20)
  13 freezing wraiths
  A snapping turtle simulacrum (Abyss)
  31 insubstantial wisps
  33 swamp worms
  A deep troll simulacrum (D:20)
  13 soldier ants
  62 orc warriors
  A black bear (shapeshifter) (Elf:4)
  3 cyclops skeletons
  A manticore skeleton (Crypt:2)
  3 black bears (Lair:8)
  3 deep elf priests
  A redback simulacrum (Vault:2)
  6 swamp drakes
  5 giant goldfish
  2 red devils
  A hippogriff zombie (Crypt:2)
  2 bumblebee zombies (D:24)
  A troll zombie (D:14)
  2 yak zombies (D:14)
  3 slaves (D:9)
  16 manticores
  A boring beetle (Vault:4)
  A boring beetle (shapeshifter) (Elf:1)
  57 ogres
  26 centaurs
  An elf (shapeshifter) (D:16)
  2 phantoms
  12 wargs
  A yak skeleton (D:14)
  A troll skeleton (D:27)
  2 grizzly bear skeletons (Crypt:2)
  A war dog zombie (D:24)
  Sigmund (D:2)
  17 giant blowflies
  5 brain worms
  A boulder beetle zombie (D:19)
  9 gila monsters
  A water moccasin (shapeshifter) (D:19)
  A rotting devil (D:18)
  A big kobold (D:18)
  27 deep elf magi
  A soldier ant zombie (D:24)
  23 wolves (Lair:8)
  A wolf skeleton (Crypt:4)
  5 centaur zombies
  9 giant slugs
  12 crocodiles
  7 agate snails
  A giant frog skeleton (Crypt:5)
  Blork the orc (D:9)
  A draconian zombie (Crypt:1)
  A water moccasin zombie (Swamp:4)
  16 water moccasins
  21 giant frogs
  A centaur skeleton (Crypt:4)
  A black bear skeleton (Crypt:3)
  2 warg skeletons
  A giant leech zombie (Swamp:4)
  2 eyes of draining
  2 jellyfish (Lair:6)
  179 killer bees
  3 killer bee zombies
  23 wights
  A brain worm zombie (D:24)
  A felid skeleton (Crypt:2)
  A mottled dragon zombie (Crypt:4)
  9 electric eels
  6 ice beasts
  4 small abominations (Abyss)
  A gila monster zombie (D:23)
  2 quasits
  3 giant beetles
  2 big kobold zombies
  A demigod zombie (Crypt:4)
  A gila monster skeleton (D:23)
  9 big fish
  15 imps
  A mottled dragon skeleton (Crypt:2)
  2 big kobold skeletons
  7 boulder beetles
  A demigod skeleton (Crypt:4)
  9 iron imps
  9 shadows
  22 orange rats
  2 deep dwarf skeletons
  19 hounds
  46 giant ants
  6 scorpions
  32 orc priests
  An eye of draining (shapeshifter) (D:15)
  4 hound skeletons
  A naga zombie (Crypt:2)
  46 orc wizards
  52 deep elf soldiers
  12 iguanas
  A porcupine (shapeshifter) (D:24)
  3 giant ant zombies
  15 porcupines
  A swamp drake zombie (Crypt:4)
  8 elf zombies
  6 giant leeches
  21 sheep
  A swamp drake skeleton (Crypt:4)
  12 boggarts
  6 mummies
  27 flying skulls
  A giant beetle zombie (D:23)
  10 gnolls
  6 lemures (Abyss)
  28 green rats
  3 midges (Abyss)
  23 snakes
  A scorpion zombie (D:24)
  7 giant centipedes
  2 giant centipede zombies
  6 iguana skeletons
  A sheep zombie (Crypt:4)
  6 worms
  4 giant mites
  A sheep skeleton (Crypt:5)
  4 white imps (Abyss)
  43 giant mosquitos
  21 jellies
  2 shadow imps (Elf:3)
  50 ufetubi
  16 grey rats
  3 giant eyeballs
  A giant mite zombie (D:24)
  A gnoll zombie (Vault:1)
  A megabat zombie (D:24)
  7 giant geckos
  2 gnoll skeletons
  An ooze (D:4)
  14 giant cockroaches
  26 goblins
  33 hobgoblins
  27 jackals
  33 kobolds
  74 megabats
  279 orcs
  7 quokkas
  An ant larva zombie (Crypt:5)
  A giant mosquito zombie (Swamp:4)
  7 giant newts
  2 giant newt zombies
  A giant spore (D:13)
  A goblin zombie (D:24)
  A grey rat zombie (Crypt:3)
  8 killer bee larvae
  A kobold skeleton (Vault:2)
  2 kobold zombies
  5 orc skeletons
  8 orc zombies
  2 quokka skeletons
  3 quokka zombies
  49 rats
  A rat zombie (D:24)
  2 small snakes
  A small snake skeleton (Crypt:1)
  3 ballistomycetes (D:13)
  A bush (Lair:2)
  A fungus (Lair:2)
  4 plants
  5 tentacles (Shoals:2)
  70 toadstools
3766 creatures vanquished.

Vanquished Creatures (collateral kills)
  An ogre (Vault:1)
  2 gila monsters (Lair:6)
  An orc wizard (D:9)
  A green rat (D:10)
  A goblin (D:9)
  2 orcs
8 creatures vanquished.

Vanquished Creatures (others)
  A kraken (Shoals:2)
  A draconian scorcher (Zot:2)
  A stone giant (Vault:4)
  A pale draconian (Zot:4)
  A hydra (Swamp:5)
  An anaconda skeleton (Crypt:5)
  A large large abomination (Abyss)
  A necromancer (Abyss)
  An ice dragon zombie (Abyss)
  26 slime creatures
  An ugly thing (D:22)
  A giant firefly (Lair:8)
  A deep elf summoner (Elf:5)
  An orc warrior (D:27)
  2 giant frogs
  A big kobold (D:16)
  An eye of draining (Abyss)
  A boulder beetle (Vault:3)
  A hound zombie (D:21)
  An orc priest (D:27)
  An orange rat (D:19)
  A deep elf soldier (Vault:3)
  An orc wizard (Vault:2)
  3 sheep (Shoals:4)
  A porcupine (shapeshifter) (D:22)
  2 lemures
  2 ufetubi (Abyss)
  A gnoll zombie (Crypt:1)
  A goblin (D:9)
  A kobold (D:4)
  2 megabats
  3 orcs (Vault:2)
  A quokka (D:15)
  3 rats
  A small snake zombie (D:21)
  A butterfly (Shoals:5)
  2 fungi
  8 plants
  14 tentacles (Shoals:2)
  208 tentacle segments (Shoals:2)
  401 toadstools
704 creatures vanquished.

Grand Total: 4478 creatures vanquished

Notes
Turn   | Place    | Note
--------------------------------------------------------------
     0 | D:1      | casmith789, the Ogre Venom Mage, began the quest for the Orb.
     0 | D:1      | Reached XP level 1. HP: 13/13 MP: 3/3
   142 | D:1      | Reached skill level 3 in Poison Magic
   226 | D:1      | Reached XP level 2. HP: 7/19 MP: 2/5
  1199 | D:1      | Reached XP level 3. HP: 21/26 MP: 5/6
  1264 | D:2      | Found a deep blue altar of Sif Muna.
  1273 | D:2      | Became a worshipper of Sif Muna the Loreminder
  1505 | D:2      | Noticed Sigmund
  1506 | D:2      | Reached skill level 1 in Conjurations
  1605 | D:2      | Defeated Sigmund
  1605 | D:2      | Reached XP level 4. HP: 24/32 MP: 4/8
  1708 | D:2      | Reached XP level 5. HP: 39/39 MP: 4/9
  2109 | D:2      | Reached skill level 4 in Poison Magic
  2277 | D:3      | Acquired Sif Muna's first power
  2332 | D:3      | Noticed DashNine's ghost (average DSRe)
  3080 | D:3      | Learned a level 3 spell: Mephitic Cloud
  3325 | D:4      | Reached XP level 6. HP: 45/45 MP: 7/12
  3474 | D:4      | Reached skill level 5 in Poison Magic
  3487 | D:4      | Acquired Sif Muna's second power
  4616 | D:5      | Entered Level 5 of the Dungeon
  4616 | D:5      | Found a burning altar of Makhleb.
  4695 | D:5      | Reached XP level 7. HP: 52/52 MP: 7/16
  4867 | D:5      | Found a staircase to the Ecumenical Temple.
  5501 | D:6      | Noticed Eustachio
  5555 | D:6      | Defeated Eustachio
  5637 | D:6      | Reached skill level 6 in Poison Magic
  5696 | D:6      | Reached skill level 5 in Conjurations
  6295 | D:6      | Found a staircase to the Orcish Mines.
  6338 | D:6      | Reached XP level 8. HP: 35/58 MP: 10/18
  6501 | D:6      | Reached skill level 5 in Spellcasting
  7023 | D:6      | Reached skill level 1 in Fighting
  7040 | D:6      | Reached skill level 1 in Short Blades
  8085 | D:7      | Reached skill level 7 in Poison Magic
  8087 | D:7      | Acquired Sif Muna's third power
  8297 | D:8      | Reached XP level 9. HP: 68/68 MP: 16/20
  8781 | D:8      | Learned a level 2 spell: Cure Poison
  9285 | D:10     | Entered Level 10 of the Dungeon
  9351 | D:9      | Noticed Maurice
  9407 | D:9      | WTF
  9536 | D:9      | Defeated Maurice
  9551 | D:9      | Noticed Blork the orc
  9559 | D:9      | You fall through a shaft!
  9780 | D:10     | Found Gruuluy's Magic Scroll Emporium.
  9785 | D:10     | Bought a scroll of blinking for 48 gold pieces
  9912 | D:10     | Learned a level 5 spell: Venom Bolt
 10165 | D:10     | Found a staircase to the Lair.
 10168 | D:10     | Noticed a giant slug
 10187 | D:10     | Found an iron altar of Okawaru.
 10212 | D:10     | Reached XP level 10. HP: 38/74 MP: 10/22
 10219 | D:10     | Reached skill level 8 in Poison Magic
 10305 | D:10     | Defeated a giant slug
 10356 | D:10     | Noticed a giant slug
 10373 | D:10     | Defeated a giant slug
 11355 | D:10     | Reached XP level 9. HP: 67/71 MP: 6/21
 11362 | D:10     | Reached XP level 10. HP: 55/76 MP: 4/22
 11484 | D:9      | Reached XP level 9. HP: 37/71 MP: 3/21
 11486 | D:9      | Reached XP level 10. HP: 28/76 MP: 4/22
 12433 | D:9      | Received a gift from Sif Muna
 12450 | D:9      | Learned a level 5 spell: Poisonous Cloud
 12591 | D:9      | Reached skill level 9 in Poison Magic
 12595 | D:9      | Defeated Blork the orc
 12622 | D:9      | Noticed Pikel
 12630 | D:9      | Defeated Pikel
 12930 | D:10     | Learned a level 3 spell: Conjure Flame
 13005 | D:11     | nyaakitty: Raaaawr! :3 You got this!
 13005 | D:11     | :)
 13107 | D:11     | Noticed Gastronok
 13138 | D:11     | Defeated Gastronok
 13138 | D:11     | Reached XP level 11. HP: 77/85 MP: 8/25
 13312 | D:11     | Reached skill level 1 in Air Magic
 13758 | D:11     | Found Iru Croq's Book Emporium.
 13788 | D:11     | You fall through a shaft!
 13800 | D:12     | Noticed Nessos
 13862 | D:12     | Defeated Nessos
 14495 | D:11     | Bought a book of Power for 585 gold pieces
 14501 | D:11     | Learned a level 4 spell: Iskenderun's Mystic Blast
 14789 | D:3      | Found a shimmering altar of Xom.
 14789 | D:3      | Found a shimmering altar of Xom.
 14790 | D:3      | Found a shimmering altar of Xom.
 14790 | D:3      | Found a shimmering altar of Xom.
 15407 | Lair:1   | Entered Level 1 of the Lair of Beasts
 16424 | Lair:2   | Received a gift from Sif Muna
 16426 | Lair:2   | Got a colourful book {god gift}
 16427 | Lair:2   | Identified Sif Muna's Guide on Feathery Confrontation {god gift} (Sif Muna gifted it to you on level 2 of the Lair of Beasts)
 16497 | Lair:2   | Reached skill level 5 in Fighting
 16624 | Lair:2   | Reached skill level 10 in Poison Magic
 16639 | Lair:2   | Reached XP level 12. HP: 85/95 MP: 5/27
 16720 | Lair:2   | Reached skill level 5 in Short Blades
 17292 | Lair:2   | Got an ichor-stained quarterstaff
 17293 | Lair:2   | Identified the quarterstaff of Duugg {crush, MUT+ rF++ rC+ rN+ Stlth--} (You found it on level 2 of the Lair of Beasts)
 17651 | Lair:2   | Learned a level 4 spell: Sticky Flame
 17661 | Lair:2   | Found a staircase to the Swamp.
 19313 | Lair:2   | Reached skill level 1 in Shields
 22164 | Lair:4   | Reached skill level 10 in Conjurations
 22297 | Lair:3   | Reached skill level 5 in Shields
 23245 | Lair:4   | Noticed Rupert
 23430 | Lair:4   | Defeated Rupert
 23430 | Lair:4   | Reached XP level 13. HP: 99/99 MP: 5/29
 23724 | Lair:4   | Reached skill level 1 in Traps & Doors
 23800 | Lair:5   | Received a gift from Sif Muna
 23801 | Lair:5   | Got a rare book {god gift}
 23802 | Lair:5   | Identified Sif Muna's Reference Book on Venom and Combat Magic {god gift} (Sif Muna gifted it to you on level 5 of the Lair of Beasts)
 23816 | Lair:5   | Got a jade amulet
 24008 | Lair:5   | Reached skill level 10 in Spellcasting
 24018 | Lair:5   | Identified the amulet of the Four Winds (You found it on level 5 of the Lair of Beasts)
 25262 | Lair:6   | Reached skill level 11 in Conjurations
 26418 | Lair:6   | Found a staircase to the Shoals.
 28023 | Lair:7   | Reached XP level 14. HP: 97/107 MP: 19/30
 28094 | Lair:7   | Learned a level 6 spell: Poison Arrow
 28098 | Lair:7   | Received a gift from Sif Muna
 28369 | Lair:7   | Reached skill level 12 in Conjurations
 28491 | Lair:7   | Found a staircase to the Slime Pits.
 29679 | Lair:8   | Entered Level 8 of the Lair of Beasts
 29759 | Lair:8   | Reached skill level 5 in Air Magic
 31615 | Orc:1    | Entered Level 1 of the Orcish Mines
 33361 | D:12     | Noticed Urug
 33376 | D:12     | Defeated Urug
 33589 | D:12     | Received a gift from Sif Muna
 33600 | D:12     | Got a conspicuous book {god gift}
 33601 | D:12     | Identified Frederick's Guide on Conjuration {god gift} (Sif Muna gifted it to you on level 12 of the Dungeon)
 33608 | D:12     | Reached XP level 15. HP: 88/114 MP: 8/32
 34158 | D:13     | Found Cuisuit's General Store.
 34174 | D:13     | Bought a potion of healing for 30 gold pieces
 34174 | D:13     | Bought a scroll of recharging for 75 gold pieces
 34174 | D:13     | Bought a scroll of teleportation for 45 gold pieces
 34174 | D:13     | Bought a scroll of teleportation for 45 gold pieces
 34192 | D:13     | Reached skill level 13 in Conjurations
 34382 | D:13     | Noticed Erolcha
 34520 | D:13     | Defeated Erolcha
 34991 | D:13     | Found a staircase to the Hive.
 35038 | D:13     | Got a jewelled dagger
 35039 | D:13     | Identified the dagger "Schalafadd" {flame, rF+} (You found it on level 13 of the Dungeon)
 35538 | D:14     | Got a crystal war axe
 35539 | D:14     | Identified the cursed war axe of Giziet Egg {chop, rElec rF+} (You found it on level 14 of the Dungeon)
 35569 | D:14     | Noticed Sonja
 35576 | D:14     | Defeated Sonja
 37535 | D:15     | Entered Level 15 of the Dungeon
 37931 | D:15     | Found Smuryiku's Antique Armour Shoppe.
 38136 | D:15     | Noticed Turgor's ghost (powerful DGCj)
 38945 | D:15     | Defeated Turgor's ghost
 39210 | D:15     | Reached XP level 16. HP: 85/123 MP: 2/34
 39339 | D:15     | Received a gift from Sif Muna
 39352 | D:15     | Got a rare book {god gift}
 39353 | D:15     | Identified Sif Muna's Grimoire of Conjuration {god gift} (Sif Muna gifted it to you on level 15 of the Dungeon)
 39642 | D:16     | Noticed a fire elemental
 39643 | D:16     | Noticed Azrael
 39643 | D:16     | Noticed a fire elemental
 39655 | D:16     | Defeated a fire elemental
 39659 | D:15     | Defeated a fire elemental
 40195 | Lair:1   | Learned a level 6 spell: Freezing Cloud
 40203 | Lair:1   | Learned a level 2 spell: Freezing Aura
 40326 | D:16     | Noticed Snorg
 40583 | D:16     | Defeated Snorg
 40950 | D:16     | You fall through a shaft!
 40958 | D:16     | Noticed Aizul
 41927 | D:17     | Reached skill level 14 in Conjurations
 42716 | D:18     | Found a portal to a secret trove of treasure.
 45130 | D:19     | Found Rarac's Assorted Antiques.
 45140 | D:19     | Noticed Mara
 45542 | D:19     | Reached skill level 5 in Dodging
 46235 | D:19     | Received a gift from Sif Muna
 46236 | D:19     | Got a graven book {god gift}
 46237 | D:19     | Identified Sif Muna's Guide on Gliding Combat Magic {god gift} (Sif Muna gifted it to you on level 19 of the Dungeon)
 46516 | D:19     | Found a staircase to the Vaults.
 46523 | Vault:1  | Entered Level 1 of the Vaults
 46762 | D:19     | Reached XP level 17. HP: 102/129 MP: 29/35
 46866 | D:20     | Entered Level 20 of the Dungeon
 47822 | D:16     | Defeated Aizul
 48126 | D:16     | Defeated Azrael
 48691 | D:16     | Found a shimmering altar of Xom.
 48927 | Hive:1   | Entered Level 1 of the Hive
 49066 | Hive:2   | Entered Level 2 of the Hive
 49299 | Hive:2   | Identified a scroll of acquirement
 49544 | D:11     | Bought a book of Summonings for 1365 gold pieces 49759
                  | trove
                  | Entered a treasure trove 49783
                  | trove
                  | Got a rare book 49818
                  | trove
                  | mean
 50059 | Lair:1   | Identified Sif Muna's Catalogue of Cloudy Confrontation (You found it in a treasure trove)
 50401 | Hive:2   | Reached skill level 1 in Invocations
 52122 | Vault:1  | Noticed Frederick
 52127 | Vault:1  | Defeated Frederick
 52491 | D:19     | Received a gift from Sif Muna
 52492 | D:19     | Reached skill level 1 in Ice Magic
 52495 | D:19     | Reached skill level 1 in Charms
 52502 | D:19     | Got a levitating book {god gift}
 52503 | D:19     | Identified Sif Muna's Further Steps in Magic {god gift} (Sif Muna gifted it to you on level 19 of the Dungeon)
 52731 | Vault:1  | HP: 2/129 [frost giant skeleton[a necromancer] (22)]
 53378 | Vault:1  | Noticed Mennas
 53509 | Vault:1  | Reached skill level 1 in Maces & Flails
 53558 | Vault:1  | Found Moac Ipn's Distillery.
 53564 | Vault:1  | Bought a potion of healing for 30 gold pieces
 53564 | Vault:1  | Bought a potion of heal wounds for 45 gold pieces
 53564 | Vault:1  | Bought a potion of healing for 30 gold pieces
 53564 | Vault:1  | Bought 2 potions of healing for 60 gold pieces
 54169 | Swamp:1  | Entered Level 1 of the Swamp
 55497 | Swamp:2  | Reached XP level 18. HP: 26/139 MP: 1/37
 58652 | Swamp:3  | Reached skill level 1 in Armour
 59503 | Swamp:4  | Noticed Josephine
 59516 | Swamp:5  | Entered Level 5 of the Swamp
 59551 | Swamp:4  | Defeated Josephine
 61273 | Shoals:1 | Entered Level 1 of the Shoals
 62043 | D:19     | Bought a scroll of fear for 103 gold pieces
 62043 | D:19     | Bought a scroll of magic mapping for 80 gold pieces
 62043 | D:19     | Bought a scroll of teleportation for 69 gold pieces
 62589 | Shoals:1 | Learned a level 4 spell: Flight
 63084 | Shoals:2 | Found a deep blue altar of Sif Muna.
 63481 | Shoals:2 | Found Priaghun's Book Shoppe.
 63606 | Shoals:2 | boom
 64108 | Shoals:3 | Found Qiuzimuch's Weapon Boutique.
 64159 | Shoals:3 | Found Wiutoro's Magic Scroll Emporium.
 64270 | Shoals:3 | Found Crar's Food Boutique.
 64448 | Shoals:3 | Found Mianuak's Book Shop.
 64665 | Shoals:4 | Noticed Frances
 64832 | Shoals:4 | Defeated Frances
 64955 | Shoals:4 | Noticed Polyphemus
 64972 | Shoals:4 | Defeated Polyphemus
 64973 | Shoals:4 | Reached skill level 15 in Spellcasting
 65209 | Shoals:3 | Received a gift from Sif Muna
 65656 | Shoals:4 | Noticed Xtahua
 65721 | Shoals:3 | Got a torn book {god gift}
 66240 | Lair:1   | Identified Sif Muna's Disquisition on Cankerous Confrontation {god gift} (Sif Muna gifted it to you on level 3 of the Shoals)
 66245 | Lair:1   | Learned a level 4 spell: Alistair's Intoxication
 66485 | Shoals:3 | Bought a scroll of amnesia for 90 gold pieces
 66843 | Shoals:4 | Defeated Xtahua
 67124 | Shoals:5 | Entered Level 5 of the Shoals
 67443 | Shoals:5 | Noticed Ilsuiw
 67725 | Shoals:4 | Reached XP level 19. HP: 145/145 MP: 38/38
 68308 | D:11     | Bought a book of Minor Magic [summ] for 260 gold pieces
 68312 | D:11     | Learned a level 2 spell: Repel Missiles
 69091 | Vault:2  | Noticed Boris
 69490 | Vault:2  | Defeated Boris
 70833 | Vault:2  | Noticed a deep elf conjurer
 71200 | Vault:2  | Defeated a deep elf conjurer
 71945 | Vault:2  | Received a gift from Sif Muna
 72441 | Vault:3  | Noticed a deep elf conjurer
 72445 | Vault:3  | Defeated a deep elf conjurer
 72767 | Vault:3  | Reached skill level 16 in Spellcasting
 72973 | Vault:3  | Reached XP level 20. HP: 112/152 MP: 15/39
 73720 | Lair:1   | Learned a level 2 spell: Blink
 73843 | Orc:2    | Found Unuewk's Assorted Antiques.
 73858 | Orc:2    | Bought a potion of heal wounds for 81 gold pieces
 73978 | Orc:4    | Entered Level 4 of the Orcish Mines
 73978 | Orc:4    | Found a staircase to the Elven Halls.
 74053 | Orc:4    | Noticed Erica
 74055 | Orc:4    | Defeated Erica
 74261 | Orc:4    | Found a radiant altar of Vehumet.
 75089 | Orc:3    | Found a radiant altar of Vehumet.
 76010 | Elf:1    | Entered Level 1 of the Elven Halls
 76386 | Elf:1    | Found Shay's Assorted Antiques.
 76488 | Elf:1    | Found Azaat's Jewellery Shoppe.
 76949 | Elf:1    | Found Caoppim's Food Shop.
 77768 | Elf:2    | Got a faintly glowing lapis lazuli ring
 79318 | Elf:3    | Found Gyjaxkil's Food Shop.
 79628 | Elf:3    | Identified an uncursed rod of demonology (You found it on level 3 of the Elven Halls)
 80087 | Elf:4    | Noticed Donald
 80091 | Elf:4    | Defeated Donald
 80260 | Elf:4    | Received a gift from Sif Muna
 80280 | Elf:4    | Got a torn book {god gift}
 80281 | Elf:4    | Identified Sif Muna's Disquisition on Freezing Conjuration {god gift} (Sif Muna gifted it to you on level 4 of the Elven Halls)
 80551 | Elf:4    | Noticed Roxanne
 81399 | Elf:5    | Entered Level 5 of the Elven Halls
 81993 | Elf:5    | Found a corrupted altar of Lugonu.
 82009 | Elf:5    | Found a one-way gate to the infinite horrors of the Abyss.
 82589 | Elf:5    | Found a burning altar of Makhleb.
 82876 | Elf:5    | Noticed a deep elf master archer
 82901 | Elf:5    | Reached XP level 21. HP: 133/158 MP: 30/40
 83143 | Elf:5    | crap
 83147 | Elf:5    | Noticed a deep elf master archer
 83147 | Elf:5    | die time
 83153 | Elf:5    | Noticed a deep elf blademaster
 83196 | Elf:5    | Reached skill level 17 in Spellcasting
 83209 | Elf:5    | Defeated a deep elf master archer
 83676 | Elf:5    | Reached skill level 5 in Armour
 83678 | Elf:5    | Defeated a deep elf blademaster
 83805 | Elf:5    | Identified the ring of Fedhas' Vengeance (You found it on level 2 of the Elven Halls)
 83808 | Elf:5    | stfu fedhas
 84013 | Elf:5    | Noticed a deep elf master archer
 84014 | Elf:5    | Defeated a deep elf master archer
 84139 | Elf:5    | Defeated a deep elf master archer
 84422 | Elf:5    | Noticed Sebi's ghost (great DEWn)
 84424 | Elf:5    | oh crap
 84428 | Elf:5    | Defeated Sebi's ghost
 84544 | Elf:5    | Identified an uncursed rod of striking (You took it off a deep elf summoner on level 5 of the Elven Halls)
 84639 | Elf:5    | Got a yellowed book
 84645 | Elf:5    | Identified the Grimoire of Hexes and Charms (You found it on level 5 of the Elven Halls)
 84679 | Elf:5    | Got a sparkling diamond amulet
 84721 | Elf:5    | Got a heavily runed brass ring
 84738 | Elf:5    | Got a glistering book
 84771 | Elf:5    | Noticed a deep elf master archer
 84781 | Elf:5    | Defeated a deep elf master archer
 84836 | Elf:5    | Noticed a deep elf blademaster
 85035 | Orc:2    | what
 85279 | Lair:1   | Identified the Handbook of Charms and Darkness (You found it on level 5 of the Elven Halls)
 85282 | Lair:1   | Learned a level 2 spell: Swiftness
 85282 | Lair:1   | \o/ swift :F
 85282 | Lair:1   | :D
 85287 | Lair:1   | Identified the amulet "Igguot Lont" (You found it on level 5 of the Elven Halls)
 85288 | Lair:1   | Identified the ring "Prie" (You found it on level 5 of the Elven Halls)
 85641 | Lair:1   | Learned a level 3 spell: Ozocubu's Armour
 86003 | Shoals:5 | oh
 86476 | Shoals:5 | Noticed Saint Roka
 86787 | Shoals:5 | he has pr lol
 86802 | Shoals:5 | Defeated Saint Roka
 86854 | Shoals:5 | oh, apparently not!? :D
 87757 | Shoals:5 | Reached skill level 1 in Evocations
 88036 | Shoals:5 | Defeated Ilsuiw
 88177 | Shoals:4 | Reached skill level 5 in Charms
 88184 | Shoals:5 | Received a gift from Sif Muna
 88185 | Shoals:5 | Got an inconspicuous book {god gift}
 88186 | Shoals:5 | Identified Sif Muna's Reference Book on Cloudy Battle Magic {god gift} (Sif Muna gifted it to you on level 5 of the Shoals)
 88883 | Shoals:5 | Reached XP level 22. HP: 152/162 MP: 31/41
 89080 | Shoals:5 | Got a barnacled rune of Zot
 89082 | Shoals:5 | bitch oklob
 89520 | Swamp:5  | Reached skill level 18 in Spellcasting
 89950 | Swamp:5  | Got a decaying rune of Zot
 91693 | Vault:1  | squarelos: still fighting mennas??
 91693 | Vault:1  | :P
 91740 | Vault:1  | Noticed a pulsating lump
 92131 | Vault:1  | oh no I dropped a battleaxe
 92136 | Vault:1  | damn you pick it up D:
 92596 | Vault:2  | oh my god
 93555 | Vault:3  | Got an ancient bow
 93872 | Vault:3  | Reached skill level 10 in Shields
 95081 | Vault:4  | Found a staircase to the Hall of Blades.
 96787 | Vault:5  | Received a gift from Sif Muna
 96788 | Vault:5  | Got a yellowed book {god gift}
 96789 | Vault:5  | Identified Sif Muna's Compendium of Charms {god gift} (Sif Muna gifted it to you on level 5 of the Vaults)
 98021 | Vault:5  | Reached skill level 19 in Spellcasting
 98265 | Vault:5  | You are cast into the Abyss!
 98265 | Vault:5  | Cast into the Abyss (a Zot trap)
 98265 | Abyss    | Entered The Abyss
 98774 | Abyss    | Noticed a phantasmal warrior
 98829 | Abyss    | Noticed a soul eater
 99199 | Abyss    | Reached XP level 23. HP: 141/168 MP: 23/43
 99269 | Abyss    | Noticed a wood golem
 99519 | Abyss    | Noticed a snapping turtle simulacrum
 99521 | Abyss    | Defeated a snapping turtle simulacrum
 99871 | Abyss    | Got an abyssal rune of Zot
100077 | Abyss    | Learned a level 6 spell: Haste
100273 | Abyss    | Noticed a toenail golem
100467 | Vault:5  | You pass through the gate.
100467 | Vault:5  | Found a gateway to a bazaar. 100471
                  | bazaar
                  | Entered a bazaar 100471
                  | bazaar
                  | Found Ciatim's Armour Emporium. 100471
                  | bazaar
                  | Found Aleifoomo's Antique Armour Emporium. 100471
                  | bazaar
                  | Found Tamin's Assorted Antiques. 100472
                  | bazaar
                  | Found Ottaeh's General Store. 100481
                  | bazaar
                  | Bought a potion of cure mutation for 300 gold pieces 100481
                  | bazaar
                  | Bought a potion of heal wounds for 60 gold pieces 100485
                  | bazaar
                  | Bought a +2 robe of fire resistance for 261 gold pieces 100494
                  | bazaar
                  | Bought 3 scrolls of identify for 246 gold pieces 100494
                  | bazaar
                  | Bought a scroll of identify for 82 gold pieces
101378 | Orc:2    | Bought a faintly humming robe for 153 gold pieces
101378 | Orc:2    | Bought 2 potions of heal wounds for 162 gold pieces
101390 | Orc:2    | Identified the +0 robe "Iwkucy" (You bought it in a shop on level 2 of the Orcish Mines)
101416 | Orc:2    | Bought a scroll of teleportation for 81 gold pieces
101416 | Orc:2    | Bought a scroll of teleportation for 81 gold pieces
102330 | Vault:2  | Found a staircase to the Crypt.
103254 | Vault:5  | oh
103782 | Vault:5  | Found a glowing golden altar of the Shining One.
103808 | Vault:5  | :D
105122 | Vault:6  | Found a magical portal.
106057 | Vault:6  | CRAP
107845 | Elf:1    | Bought a meat ration for 48 gold pieces
107845 | Elf:1    | Bought a bread ration for 48 gold pieces
107845 | Elf:1    | Bought a meat ration for 48 gold pieces
107845 | Elf:1    | Bought a bread ration for 48 gold pieces
107845 | Elf:1    | Bought a meat ration for 48 gold pieces
107845 | Elf:1    | Bought a meat ration for 48 gold pieces
107845 | Elf:1    | Bought a bread ration for 48 gold pieces
107845 | Elf:1    | Bought a pear for 9 gold pieces
107845 | Elf:1    | Bought a bread ration for 48 gold pieces
107845 | Elf:1    | Bought a meat ration for 48 gold pieces
107845 | Elf:1    | Bought a meat ration for 48 gold pieces
108562 | D:19     | :/
108641 | D:18     | Received a gift from Sif Muna
108655 | D:19     | oh right
108677 | D:19     | Noticed casmith789's ghost (great OgVM)
108689 | D:19     | Defeated Mara
108707 | D:18     | Got a glistering book {god gift}
109120 | D:19     | Reached skill level 5 in Maces & Flails
110616 | D:20     | Reached XP level 24. HP: 172/172 MP: 38/44
111800 | D:21     | Noticed Margery
111800 | D:21     | hm
112968 | D:21     | Defeated Margery
114822 | Lair:1   | Identified Sif Muna's Disquisition on Ashen Charms {god gift} (Sif Muna gifted it to you on level 18 of the Dungeon)
114822 | Lair:1   | zerk, sandblast, lol
114831 | Lair:1   | bit late ;)
115314 | D:21     | Found a gateway to Hell.
115893 | D:22     | Found a one-way gate leading to the halls of Pandemonium.
118781 | D:24     | Reached XP level 25. HP: 131/178 MP: 33/45
119294 | D:24     | Reached skill level 10 in Maces & Flails
119575 | D:25     | Entered Level 25 of the Dungeon
121146 | D:22     | ?????
121157 | D:22     | :o
121240 | D:24     | Found Smoittuxko's Food Shoppe.
126303 | D:26     | Noticed Wiglaf
126324 | D:26     | great. he has PR. D:
126751 | D:25     | Received a gift from Sif Muna
126752 | D:25     | Got a blackened book {god gift}
126753 | D:25     | Identified Sif Muna's Incunabulum of Dark Charms {god gift} (Sif Muna gifted it to you on level 25 of the Dungeon)
126757 | D:25     | Learned a level 3 spell: Regeneration
127097 | D:26     | Defeated Wiglaf
127856 | D:27     | Entered Level 27 of the Dungeon
128188 | D:27     | Reached XP level 26. HP: 177/192 MP: 11/45
128312 | D:27     | Found Cougant's Magical Wand Shop.
128382 | D:27     | lol
129695 | Crypt:1  | Entered Level 1 of the Crypt
130734 | Crypt:2  | Reached skill level 10 in Fighting
131412 | Crypt:2  | Found a staircase to the Tomb.
134387 | Crypt:3  | Got a crystal sabre
134388 | Crypt:3  | Identified the sabre "Fupnil" {slice, Stlth--} (You found it on level 3 of the Crypt)
135050 | Crypt:3  | Defeated a portal mimic
135124 | Crypt:3  | Noticed a reaper
135125 | Crypt:3  | Noticed a reaper
135125 | Crypt:3  | Noticed a reaper
135125 | Crypt:3  | Noticed a reaper
135125 | Crypt:3  | Noticed a reaper
135127 | Crypt:3  | Noticed Khufu
135469 | Crypt:3  | Defeated a reaper
135473 | Crypt:3  | Defeated a reaper
135619 | Crypt:3  | Gained mutation: You are weak (Str -1).
136249 | Crypt:3  | Gained mutation: You are frail (-10% HP).
136882 | Lair:1   | Lost mutation: You are weak (Str -1).
136882 | Lair:1   | Lost mutation: You are frail (-10% HP).
137395 | D:27     | Reached XP level 27. HP: 189/214 MP: 36/45
137439 | D:27     | Bought a wand of disintegration (7) for 332 gold pieces
138082 | Shoals:3 | Bought a scroll of acquirement for 936 gold pieces
138082 | Shoals:3 | Bought a scroll of acquirement for 936 gold pieces
139187 | Crypt:5  | Entered Level 5 of the Crypt
141430 | Crypt:5  | Noticed a lich
141438 | Crypt:5  | Defeated a lich
141492 | Crypt:5  | Reached skill level 15 in Shields
141949 | Crypt:5  | Reached skill level 1 in Translocations
141978 | Crypt:5  | Reached skill level 1 in Necromancy
142314 | Crypt:5  | Noticed a lich
142319 | Crypt:5  | Defeated a lich
142664 | Crypt:5  | Noticed an ancient lich
143015 | Crypt:5  | Defeated an ancient lich
143034 | Crypt:5  | Found an ancient bone altar of Kikubaaqudgha.
144623 | Zot:1    | Entered Level 1 of the Realm of Zot
144858 | Zot:1    | Received a gift from Sif Muna
145734 | Zot:1    | Got a glistering book {god gift}
145736 | Zot:1    | Identified Sif Muna's Disquisition on Dark Secrets and Charms {god gift} (Sif Muna gifted it to you on level 1 of the Realm of Zot)
145992 | D:27     | Reached skill level 20 in Spellcasting
146218 | Zot:1    | Reached skill level 15 in Conjurations
146315 | Zot:1    | You are cast into the Abyss!
146315 | Zot:1    | Cast into the Abyss (a Zot trap)
146439 | Abyss    | Noticed a toenail golem
146503 | Abyss    | Noticed a hell knight
146503 | Abyss    | Noticed a hell knight
146504 | Abyss    | Noticed a necromancer
146504 | Abyss    | Noticed a necromancer
146505 | Abyss    | Noticed a hell knight
146510 | Abyss    | Defeated a necromancer
146514 | Abyss    | Defeated a necromancer
146524 | Abyss    | Noticed a deep dwarf necromancer
146525 | Abyss    | Noticed a deep dwarf death knight
146525 | Abyss    | Noticed a deep dwarf berserker
146526 | Abyss    | Noticed a deep dwarf
146587 | Abyss    | Noticed an ancient lich
146613 | Zot:1    | You pass through the gate.
148157 | D:25     | Reached skill level 1 in Stabbing
148374 | D:19     | Bought a scroll of identify for 46 gold pieces
148376 | D:19     | hahaha wand acquirement <3
149326 | Zot:1    | Received a gift from Sif Muna
149330 | Zot:1    | oh green :/
149345 | Zot:1    | Got a rare book {god gift}
149346 | Zot:1    | Identified Sif Muna's Book of Sinister Magic {god gift} (Sif Muna gifted it to you on level 1 of the Realm of Zot)
149346 | Zot:1    | Reached skill level 10 in Charms
150675 | Elf:5    | Defeated a deep elf blademaster
150747 | Elf:5    | Learned a level 2 spell: Stoneskin
151265 | Shoals:3 | Bought a book of the Warp for 1620 gold pieces
151272 | Shoals:3 | Learned a level 5 spell: Phase Shift
154951 | Zot:2    | Reached skill level 21 in Spellcasting
155673 | Zot:2    | Reached skill level 5 in Translocations
155985 | Zot:2    | Received a gift from Sif Muna
155986 | Zot:2    | Got an engraved book {god gift}
155987 | Zot:2    | Identified Sif Muna's Papyrus of Unholy Magic and the Escort {god gift} (Sif Muna gifted it to you on level 2 of the Realm of Zot)
155989 | Zot:2    | Learned a level 1 spell: Summon Butterflies
158655 | Lair:1   | Learned a level 4 spell: Control Teleport
160914 | Zot:3    | Received a gift from Sif Muna
160917 | Zot:3    | Got an inconspicuous book {god gift}
160918 | Zot:3    | Identified Sif Muna's Collected Works on Darkness {god gift} (Sif Muna gifted it to you on level 3 of the Realm of Zot)
160920 | Zot:3    | Learned a level 1 spell: Apportation
161943 | Zot:2    | You are cast into the Abyss!
161943 | Zot:2    | Cast into the Abyss (green draconian knight)
162216 | Abyss    | Gained mutation: Your magical capacity is low (-10% MP).
162343 | Abyss    | Noticed an iron devil
162350 | Abyss    | Noticed a black draconian
162354 | Abyss    | Defeated an iron devil
162471 | Abyss    | Noticed a cyan ugly thing
162492 | Abyss    | Noticed a hellephant
162496 | Zot:2    | You pass through the gate.
163521 | Crypt:3  | Lost mutation: Your magical capacity is low (-10% MP).
164051 | D:18     | b0rsuk: Would you trade a +2 robe of resistance for treasury access ? I'm a drac monk.
164051 | D:18     | um... probably not
164051 | D:18     | I thought you were asking me to trade in my game, but I don't have a RoR here :P
164297 | D:27     | b0rsuk: Anyway, it's nasty of them to ask for my best armour !
164297 | D:27     | hehe. I'm wearing swamp dragon :p
164948 | Elf:5    | Learned a level 4 spell: Insulation
164948 | Elf:5    | b0rsuk: Ooh, stylish weapon.
165630 | D:27     | b0rsuk: What kind of treasuries are there ? I've seen armour, jewelry, weapons
165630 | D:27     | anything, I've had a scroll trove / book trove before
165630 | D:27     | b0rsuk: It shouldn't give me weapons.
165630 | D:27     | it could give you weapons
165630 | D:27     | b0rsuk: Oh, that sucks. I'm not giving it.
165630 | D:27     | troves seem to be worse recently but not sure what if anything has changed
165633 | D:27     | b0rsuk: Maaaybe once Iclear the orb vault.
165633 | D:27     | hehe
165639 | Zot:1    | b0rsuk: I was away from Crawl for a while. Is Abyssal rune search still eyestrain>
165639 | Zot:1    | um, it's boring, but the rune changes colour so it's relatively easy to see
165650 | D:27     | Learned a level 6 spell: Deflect Missiles
165719 | Zot:2    | b0rsuk: You can now play godless draconians and have a chance of winning.
165748 | Zot:2    | after this ogre :P last race I need
166042 | Zot:2    | b0rsuk: I don't think the clevel14 draconian aux attacks are worth a damn.
166056 | Zot:1    | probably not
166171 | Zot:1    | the one I won was pretty much pure caster though so I couldn't tell you
166174 | Zot:1    | Reached skill level 22 in Spellcasting
166354 | Zot:2    | b0rsuk: My monk is pale. Breath is awesome, lack of resist not so much.
166366 | Zot:2    | mine was mottled, same kind of story
166591 | Zot:2    | b0rsuk: I think steam breath is one of best breaths even damage-wise. High rate of fir
166621 | Zot:2    | b0rsuk: low food usage, surprisingly high damage
166621 | Zot:2    | well, they all got buffs in .8 so I have no idea :)
166628 | Zot:2    | well, most of them. Pale stayed the same because it was so good, but things like fire were massively improved
166628 | Zot:2    | b0rsuk: And clouds always hit, unlike acid or fire.
166629 | Zot:2    | fire has a cloud too ;)
166652 | Zot:2    | b0rsuk: Ah right, I should know that one since I proposed it :-)
166684 | Zot:2    | b0rsuk: 1 square, like COnjure Flame but can be sued on occupied.
166693 | Zot:2    | Reached skill level 5 in Invocations
166705 | Zot:2    | b0rsuk: My favourite change is ranged monsters moving around corners.
166716 | Zot:2    | you like that? seems pretty abusable to me
166719 | Zot:2    | b0rsuk: It's actually pretty evil, but easy to understand.
167196 | Zot:1    | b0rsuk: Do you know if +Mut artifact can cause bad mutations without extra contaminati
167196 | Zot:1    | it can't
167200 | Zot:1    | b0rsuk: will it get me higher than grey ?
167200 | Zot:1    | yes
167237 | D:27     | b0rsuk: Ewww, I have a +1, rPois, rN+, MR robe.
167238 | D:27     | decent
167240 | D:27     | b0rsuk: with +Mut
167393 | D:27     | ah. probably worthless
167973 | Zot:4    | nyaakitty: Gooooo catsmith! :D
167975 | Zot:4    | this is a very slow game btw :p
168523 | Zot:4    | interesting
168770 | Zot:4    | there are two :/
168773 | Zot:4    | oh no
169009 | Zot:4    | Gained mutation: Your body is slowly deteriorating.
169532 | Zot:4    | Received a gift from Sif Muna
169535 | Zot:4    | Got a rare book {god gift}
169536 | Zot:4    | Identified Sif Muna's Tome of Creative Stolen Souls {god gift} (Sif Muna gifted it to you on level 4 of the Realm of Zot)
169860 | Zot:4    | great
170931 | Zot:5    | Entered Level 5 of the Realm of Zot
172440 | Zot:5    | nice
172800 | Zot:5    | nyaakitty: ouch
173316 | Zot:5    | Noticed an ancient lich
173553 | Zot:5    | Defeated an ancient lich
173742 | Zot:4    | Received a gift from Sif Muna
173898 | Zot:4    | Got a blackened book {god gift}
173899 | Zot:4    | Identified Acucahih's Guide on Sinister Arts {god gift} (Sif Muna gifted it to you on level 4 of the Realm of Zot)
173899 | Zot:4    | borg :( too bad I have like 2 necro
174020 | Zot:5    | Reached skill level 10 in Air Magic
174269 | Zot:5    | Noticed an orb of fire
174277 | Zot:5    | Gained mutation: Your digestive system is specialised to digest meat.
174278 | Zot:5    | Gained mutation: You tend to lose your temper in combat.
174282 | Zot:5    | Lost mutation: Your digestive system is specialised to digest meat.
174315 | Zot:5    | Gained mutation: You have a very fast metabolism.
174555 | Zot:5    | Defeated an orb of fire
174556 | Zot:5    | DIE B*TCH
174777 | Zot:4    | Reached skill level 23 in Spellcasting
176062 | Zot:5    | Got the Orb of Zot
176067 | Zot:5    | :D
176727 | D:$      | Escaped with the Orb!
